 Dungeon Crawl Stone Soup version 0.27-a0-1273-gec92ba881d (webtiles) character file.

Game seed: 4744077766229565091

1785 mordus the Spear-Bearer (level 8, -4/64 HPs)
             Began as a Minotaur Fighter on June 11, 2021.
             Was an Initiate of Yredelemnul.
             Slain by a two-headed ogre
             ... wielding a +0 giant club
              (11 damage)
             ... on level 6 of the Dungeon.
             The game lasted 00:07:26 (6634 turns).

mordus the Spear-Bearer (Minotaur Fighter)          Turns: 6634, Time: 00:07:27

Health: -4/64      AC: 11    Str: 23    XL:     8   Next: 81%
Magic:  7/7        EV:  8    Int:  5    God:    Yredelemnul [......]
Gold:   321        SH: 11    Dex: 10    Spells: 7/7 levels left

rFire    . . .     SeeInvis .   a - +0 trident
rCold    . . .     Faith    .   c - +0 kite shield
rNeg     . . .     Spirit   .   z - +1 scale mail {rPois}
rPois    +         Reflect  .   (helmet restricted)
rElec    .         Harm     .   k - +1 cloak
rCorr    .         Rampage  .   (no gloves)
Will     .....                  (no boots)
Stlth    ..........             (no amulet)
HPRegen  0.20/turn              (no ring)
MPRegen  0.10/turn              (no ring)

@: no status effects
A: horns 2, retaliatory headbutt
a: Renounce Religion


You were on level 6 of the Dungeon.
You worshipped Yredelemnul.
Yredelemnul was noncommittal.
You visited 2 branches of the dungeon, and saw 8 of its levels.

You collected 321 gold pieces.

Inventory:

Hand Weapons
 a - a +0 trident (weapon)
Missiles
 u - 2 curare-tipped darts (quivered)
Armour
 b - a +0 scale mail
 c - a +0 kite shield (worn)
 k - a +1 cloak (worn)
 p - a +0 chain mail
 z - a +1 scale mail of poison resistance (worn)
Jewellery
 v - a ring of protection from fire
Wands
 s - a wand of polymorph (9)
Scrolls
 h - 2 scrolls of blinking {unknown}
 i - a scroll of enchant armour {unknown}
 j - 2 scrolls of teleportation {unknown}
 n - 7 scrolls of identify {unknown}
 q - a scroll of magic mapping {unknown}
 r - 2 scrolls of enchant weapon {unknown}
 y - a scroll of amnesia {unknown}
 B - a scroll of immolation {unknown}
 C - a scroll of noise {unknown}
Potions
 d - a potion of might
 e - 2 potions of curing
 f - a potion of haste {unknown}
 g - a potion of degeneration {unknown}
 l - a potion of brilliance {unknown}
 m - 2 potions of heal wounds {unknown}
 o - 2 potions of resistance {unknown}
 t - 2 potions of flight {unknown}
 w - 3 potions of attraction {unknown}
 x - 2 potions of berserk rage {unknown}
 A - a potion of cancellation {unknown}


   Skills:
 - Level 3.6 Fighting
 * Level 9.9 Polearms
 + Level 7.7 Armour
 + Level 7.7 Shields


You had 7 spell levels left.
You didn't know any spells.
Your spell library was empty.

Dungeon Overview and Level Annotations

Branches:
Dungeon (7/15)             Temple (1/1) D:6

Altars:
Ashenzari
Cheibriados
Dithmenos
Elyvilon
Fedhas
Gozag
Hepliaklqana
Kikubaaqudgha
Makhleb
Nemelex Xobeh
Okawaru
Qazlal
Ru
Sif Muna
Trog
Uskayaw
Wu Jian
Xom
Yredelemnul
Zin
The Shining One

Annotations:
D:7 Pikel


Innate Abilities, Weirdness & Mutations

You have a pair of horns on your head.
You reflexively headbutt those who attack you in melee.


Message History

The ufetubus hits you but does no damage.
An ufetubus is nearby!
You miss the ufetubus. You headbutt the ufetubus.
You kill the ufetubus!
Yredelemnul accepts your kill.
No target in view!
The two-headed ogre shouts in stereo!
A two-headed ogre is nearby!
A two-headed ogre is nearby!
A two-headed ogre is nearby!
You reach to attack!
You hit the two-headed ogre but do no damage.
A two-headed ogre is nearby!
A two-headed ogre is nearby!
You hit the two-headed ogre but do no damage.
The two-headed ogre hits you with a +0 giant club.
You block the two-headed ogre's attack.
Your shield prevents you from hitting the two-headed ogre.
You headbutt the two-headed ogre.
The two-headed ogre is lightly wounded.
You block the two-headed ogre's attack.
The two-headed ogre hits you with a +0 giant club!!
Your scale mail prevents you from hitting the two-headed ogre.
You headbutt the two-headed ogre.
The two-headed ogre is lightly wounded.
You puncture the two-headed ogre! You headbutt the two-headed ogre.
The two-headed ogre is moderately wounded.
The two-headed ogre barely misses you. You furiously retaliate!
You headbutt the two-headed ogre!
The two-headed ogre hits you with a +0 giant club!!
You hit the two-headed ogre.
The two-headed ogre is heavily wounded.
You block the two-headed ogre's attack.
The two-headed ogre hits you with a +0 giant club!
* * * LOW HITPOINT WARNING * * *
The two-headed ogre hits you with a +0 giant club!
* * * LOW HITPOINT WARNING * * *
The two-headed ogre hits you with a +0 giant club!
You die...
Your body rises from the dead as a mindless zombie.

...............#.########.#
#.........................#
..#.....#.....##.########.#
..#.....#.............# #.#
..#........#.###.####.# ###
..##.......#.....#
.................#
..........######O#
................@####
....................#
#...................#
#...#...####........#
.......<# #........#
........####........#.#
........##..........#.#
........##.(........#.#
......#.............#.####


You could see a two-headed ogre.

Vanquished Creatures
  Sigmund (D:5)
  2 sky beasts (D:6)
  2 black bears
  A necrophage (D:6)
  4 ogres
  2 phantoms (D:4)
  Blork the orc (D:5)
  2 wyvern zombies (D:6)
  A howler monkey (D:5)
  2 hounds
  Crazy Yiuf (D:2)
  A bullfrog skeleton (D:4)
  4 orc priests
  An iguana (D:5)
  An orc wizard (D:4)
  A howler monkey zombie (D:6)
  8 adders
  An ufetubus (D:6)
  2 worms (D:2)
  4 dart slugs
  23 orcs
  6 endoplasms
  A giant cockroach (D:4)
  5 goblins
  6 hobgoblins
  3 jackals (D:5)
  4 kobolds
  4 quokkas
  4 ball pythons
  2 bats (D:1)
  4 frilled lizards
  3 rats
107 creatures vanquished.

Notes
Turn   | Place    | Note
-------+----------+-------------------------------------------
     0 | D:1      | mordus the Minotaur Fighter began the quest for the Orb.
     0 | D:1      | Reached XP level 1. HP: 19/19 MP: 0/0
   114 | D:1      | Found a faded altar of an unknown god.
   200 | D:1      | Reached skill level 3 in Polearms
   200 | D:1      | Reached XP level 2. HP: 26/26 MP: 1/1
  1138 | D:2      | Reached XP level 3. HP: 26/31 MP: 2/2
  1768 | D:2      | Found a runed translucent door.
  1769 | D:2      | Noticed Crazy Yiuf
  2022 | D:2      | Killed Crazy Yiuf
  2023 | D:2      | Reached skill level 4 in Polearms
  2023 | D:2      | Reached XP level 4. HP: 26/39 MP: 3/3
  2722 | D:4      | Reached skill level 5 in Polearms
  2722 | D:4      | Reached XP level 5. HP: 10/45 MP: 4/4
  3015 | D:4      | Reached skill level 5 in Shields
  3151 | D:4      | Noticed a phantom
  3152 | D:4      | Noticed a phantom
  3177 | D:4      | Reached skill level 5 in Armour
  3398 | D:4      | Killed a phantom
  3399 | D:4      | Reached XP level 6. HP: 36/51 MP: 5/5
  3639 | D:4      | Reached skill level 6 in Polearms
  4150 | D:4      | Reached XP level 7. HP: 49/57 MP: 6/6
  4280 | D:5      | Entered Level 5 of the Dungeon
  4592 | D:5      | Noticed Sigmund
  4593 | D:5      | Reached skill level 7 in Polearms
  4818 | D:5      | Killed Sigmund
  4828 | D:5      | Identified the +1 robe of Pan-Flutes {-Cast Harm rElec
                  | Dex+2}
  4865 | D:5      | Reached skill level 8 in Polearms
  4977 | D:5      | Reached XP level 8. HP: 64/64 MP: 7/7
  4988 | D:5      | Noticed Blork the orc
  5010 | D:5      | Killed Blork the orc
  5103 | D:5      | You fall into a shaft and drop 2 floors!
  5103 | D:7      | Noticed Pikel
  5137 | D:6      | Found a staircase to the Ecumenical Temple.
  5495 | D:6      | Reached skill level 9 in Polearms
  5609 | Temple   | Entered the Ecumenical Temple
  5737 | Temple   | Became a worshipper of Yredelemnul the Dark
  6168 | D:6      | Noticed a two-headed ogre
  6634 | D:6      | Slain by a two-headed ogre

Illustrated notes

Levels and vault maps discovered:
D:1:      psy_arrival_spokes, layout_basic, ebering_ecumenical_altar_webs,
          chequers_serial_rivers_micro_b, chequers_serial_rivers_micro_c,
          minmay_misc_feat_columns
D:2:      layout_basic, uniq_crazy_yiuf_cottage
D:3:      layout_basic
D:4:      layout_basic
D:5:      layout_loops_ring, hangedman_abyss_or_decor_lesser_grid, uniq_sigmund,
          uniq_blork_the_orc
D:6:      layout_basic, minmay_temple_entry_statues_pillars,
          gup_sewer_entry_bubbles
D:7:      layout_rooms, serial_bayou, serial_bayou_shore_a, serial_bayou_pond_d,
          serial_bayou_pond_c, serial_bayou_ford_a, uniq_pikel, uniq_harold,
          uniq_menkaure, uniq_maggie
Temple:   regret_index_temple_sigil_plot

Skill      XL: |  1  2  3  4  5  6  7  8 |
---------------+-------------------------+-----
Polearms       | 3 4 5 6 8 9 |  9.9
Armour         | 4 5 6 7 |  7.7
Shields        | 4 5 6 7 |  7.7
Fighting       | |  3.6

Action                   |  1- 3 |  4- 6 |  7- 9 || total
-------------------------+-------+-------+-------++-------
Melee: Trident           |    78 |   169 |   163 ||   410
       Headbutt          |     5 |    23 |    44 ||    72
Armor: Scale mail        |    19 |    64 |    47 ||   130
Dodge: Dodged            |    13 |    45 |    32 ||    90
Block: Kite shield       |    14 |    63 |    90 ||   167

Table legend: (Time is in decaauts)
 A = Elapsed time spent in this place.
 B = Non-inter-level travel time spent in this place.
 C = Inter-level travel time spent in this place.
 D = Time resting spent in this place.
 E = Time spent auto-exploring this place.
 F = Levels seen in this place.
 G = Mean time per level.
                   A        B        C        D        E       F      G
               +--------+--------+--------+--------+--------+-----+--------+
         Total |   6714 |   6574 |    140 |    703 |   4716 |   8 |  839.2 |
       Dungeon |   6352 |   6221 |    131 |    703 |   4369 |   7 |  907.4 |
        Temple |    361 |    352 |      9 |      0 |    347 |   1 |  361.0 |
               +--------+--------+--------+--------+--------+-----+--------+

Top non-repeatable levels by time:
     D:4: 1646 daAuts
     D:5: 1165 daAuts
     D:2: 1155 daAuts
     D:1: 1017 daAuts
     D:3: 713 daAuts
     D:6: 650 daAuts
  Temple: 361 daAuts
     D:7: 3 daAuts
